 Dungeon Crawl Stone Soup version 0.29.1-12-g30fa7ad0bf (webtiles) character file.

Game seed: 4268264328147847002

21 fantasyman the Shield-Bearer (level 3, -5/29 HPs)
             Began as a Formicid Fighter on Dec 20, 2022.
             Slain by a hobgoblin
             ... wielding a +0 trident
              (8 damage)
             ... on level 3 of the Dungeon.
             The game lasted 00:01:13 (1851 turns).

fantasyman the Shield-Bearer (Formicid Fighter)     Turns: 1851, Time: 00:01:13

Health: -5/29      AC:  9    Str: 19 (22) XL:     3   Next: 2%
Magic:  3/3        EV:  7    Int:  6 (7)  God:
Gold:   41         SH:  5    Dex: 10 (13) Spells: 2/2 levels left

rFire   . . .      SeeInvis +   a - +0 flail
rCold   . . .      Faith    .   c - +1 buckler
rNeg    . . .      Spirit   .   i - +0 chain mail
rPois   .          Reflect  .   (helmet unavailable)
rElec   .          Harm     .   (no cloak)
rCorr   .          Rampage  .   (no gloves)
Will    .....                   (no boots)
Stlth   ..........              (no amulet)
HPRegen 0.09/turn               (no ring)
MPRegen 0.08/turn               (no ring)

@: mighty
A: permanent stasis, dig shafts and tunnels, antennae 3, four strong arms
a: Dig, Shaft Self


You were on level 3 of the Dungeon.
You visited 1 branch of the dungeon, and saw 3 of its levels.

You collected 41 gold pieces.

Inventory:

Hand Weapons
 a - a +0 flail (weapon)
Armour
 b - a +0 scale mail
 c - a +1 buckler (worn)
 e - a +0 crystal plate armour
 i - a +0 chain mail (worn)
Scrolls
 h - a scroll of identify
Potions
 d - 2 potions of might
 f - a potion of cancellation
 g - 2 potions of degeneration


   Skills:
 + Level 3.6 Fighting
 + Level 2.2 Maces & Flails
 + Level 3.7 Armour
 + Level 4.2 Shields


You had 2 spell levels left.
You didn't know any spells.
Your spell library was empty.

Dungeon Overview and Level Annotations

Branches:
Dungeon (3/15)

Altars:

Shops:
D:1 ?

Annotations:
D:2 Sigmund


Innate Abilities, Weirdness & Mutations

You cannot be hasted, slowed, berserked, paralysed or teleported.
You can dig through walls and to a lower floor.
You have a pair of large antennae on your head. (SInv)
Your four strong arms can wield two-handed weapons with a shield.


Message History

You hit the hobgoblin but do no damage. You block the hobgoblin's attack.
You hit the hobgoblin.
The hobgoblin is severely wounded.
The hobgoblin drinks a potion.
The hobgoblin is healed!
You block the hobgoblin's attack.
You closely miss the hobgoblin. The hobgoblin barely misses you.
You hit the hobgoblin but do no damage. The hobgoblin barely misses you.
You closely miss the hobgoblin.
The hobgoblin hits you with a +0 trident. x2
You closely miss the hobgoblin.
The hobgoblin hits you with a +0 trident.
You barely miss the hobgoblin.
The hobgoblin hits you with a +0 trident.
You hit the hobgoblin but do no damage. You block the hobgoblin's attack.
You barely miss the hobgoblin. You block the hobgoblin's attack.
The hobgoblin hits you but does no damage.
You hit the hobgoblin but do no damage.
The hobgoblin hits you with a +0 trident.
You barely miss the hobgoblin. The hobgoblin barely misses you.
You barely miss the hobgoblin.
The hobgoblin hits you with a +0 trident.
The hobgoblin hits you but does no damage.
You hit the hobgoblin.
The hobgoblin is lightly wounded.
The hobgoblin hits you with a +0 trident.
You closely miss the hobgoblin.
The hobgoblin is lightly wounded.
The hobgoblin hits you with a +0 trident.
* * * LOW HITPOINT WARNING * * *
You hit the hobgoblin but do no damage.
The hobgoblin is lightly wounded.
The hobgoblin hits you with a +0 trident.
* * * LOW HITPOINT WARNING * * *
The hobgoblin barely misses you.
You feel very mighty all of a sudden.
The hobgoblin hits you but does no damage.
You barely miss the hobgoblin.
The hobgoblin is lightly wounded.
The hobgoblin hits you with a +0 trident!
You die...

>,,,.........#
##..##### #<#
,,,,.......?.# #..##
###
,***+###'###g#####.##
,*,,*.......#..##..#
,*,,#......^#..#..##
,+,,+###+###'..'.##
,*,,*,+,,,+.#..#.#
,*,,*,*,,,#.#..#g#
,+**+,*,_,#,+##+@#
,*,,*,*,,,*,*,,#.#
,*,,*,+,,,+,*,,#.#
,+,,+***+***+,,+.#
,*,,*,,,,,,,*,,###
,*,,*,,,,,,,*,,*
,***+***+***+***
,,,,,,,,,,,,,*
**************


You could see a hobgoblin.

Vanquished Creatures
  An adder (D:2)
  An orc (D:3)
  2 ball pythons (D:1)
  An endoplasm (D:1)
  A quokka (D:1)
  3 bats
  A frilled lizard (D:1)
  A goblin (D:2)
11 creatures vanquished.

Notes
Turn   | Place    | Note
-------+----------+-------------------------------------------
     0 | D:1      | fantasyman the Formicid Fighter began the quest for the
                  | Orb.
     0 | D:1      | Reached XP level 1. HP: 18/18 MP: 1/1
   259 | D:1      | Found Muatsefou's Magic Scroll Shoppe.
   357 | D:1      | Reached XP level 2. HP: 24/24 MP: 2/2
   786 | D:2      | Noticed Sigmund
  1834 | D:3      | Reached XP level 3. HP: 28/29 MP: 3/3
  1851 | D:3      | Slain by a hobgoblin

Illustrated notes

Levels and vault maps discovered:
D:1:      beargit_arrival_greenhouse, layout_basic, serial_shops,
          nicolae_shop_waterfront, nicolae_figureground_sparkle
D:2:      layout_basic, serial_shops, nicolae_shop_crystal,
          minmay_misc_feat_room, uniq_natasha, uniq_sigmund,
          uniq_crazy_yiuf_cottage
D:3:      layout_basic, amcnicky_altar_gilded, mainiacjoe_overflow_24_doors,
          nicolae_overflow_crystal_walls, nicolae_ecumenical_lake_church

Action                   || total
-------------------------++-------
Melee: Flail             ||    61
 Abil: Dig               ||     1
  Use: Scroll            ||     3
       Potion            ||     2
Armor: Scale mail        ||    18
       Chain mail        ||    18
Dodge: Dodged            ||    28
Block: Buckler           ||    25
